 Dungeon Crawl Stone Soup version 0.19-a0-1882-gbb73ea0 (webtiles) character file.

22 Amnesiac the Ogre Mage (level 2, -5/28 HPs)
             Began as an Ogre Wizard on Oct 14, 2016.
             Slain by an iguana (8 damage)
             ... on level 3 of the Dungeon.
             The game lasted 00:01:35 (460 turns).

Amnesiac the Ogre Mage (Ogre Wizard)                 Turns: 460, Time: 00:01:36

Health: -5/28      AC: 10    Str: 11    XL:     2   Next: 91%
Magic:  1/6        EV: 15    Int: 17    God:
Gold:   30         SH:  0    Dex: 13    Spells: 2 memorised, 5 levels left

rFire  . . .     SeeInvis .     i - +2 trident (protect)
rCold  . . .     Gourm    .     a - +0 robe
rNeg   . . .     Faith    .     (no shield)
rPois  .         Spirit   .     b - +0 hat
rElec  .         Dismiss  .     (no cloak)
rCorr  .         Reflect  .     (gloves unavailable)
MR     .....     Harm     .     (boots unavailable)
Stlth  +++.......               (no amulet)
                                (no ring)
                                (no ring)

@: agile, lethally poisoned (-5 -> -9), protection aura
A: unfitting armour, tough skin 1
a: no special abilities


You were on level 3 of the Dungeon.
You were not hungry.

You visited 1 branch of the dungeon, and saw 4 of its levels.

You collected 30 gold pieces.

Inventory:

Hand Weapons
 f - the +3 dagger of Ancient Evil {speed, Str+4, unknown}
   (You found it on level 4 of the Dungeon)

   Attacks with this weapon are significantly faster.
   It affects your strength (+4).
 i - a +2 trident of protection (weapon)
Armour
 a - a +0 robe (worn)
 b - a +0 hat (worn)
Books
 c - a book of Minor Magic

   Spells                             Type                      Level
   a - Magic Dart                     Conjuration                  1
   b - Blink                          Translocation                2
   c - Call Imp                       Summoning                    2
   d - Repel Missiles                 Charms/Air                   2
   e - Slow                           Hexes                        2
   f - Conjure Flame                  Conjuration/Fire             3
   g - Mephitic Cloud                 Conjuration/Poison/Air       3
Comestibles
 d - a bread ration


   Skills:
 + Level 2.2 Fighting
 + Level 2.4 Dodging
 - Level 1.4 Stealth
 - Level 3.6 Spellcasting
 - Level 0.6 Conjurations
 - Level 0.6 Summonings
   Level 0.6 Translocations


You had 5 spell levels left.
You knew the following spells:

 Your Spells              Type           Power        Failure   Level  Hunger
d - Call Imp              Summ           #.......     21%         2    ##.....
f - Magic Dart            Conj           #...         14%         1    None


Dungeon Overview and Level Annotations

Branches:
Dungeon (4/15)
 Temple: D:4-7

Altars:

Shops:
D:4 }

Annotations:
D:4 Edmund


Innate Abilities, Weirdness & Mutations

You are too large for most types of armour.
You have tough skin. (AC +1)


Message History

Casting: Call Imp
Confirm with . or Enter, or press ? or * to list all spells.
You don't have enough magic to cast that spell.
You hit the adder.
Your weapon exudes an aura of protection.
The adder is almost dead.
* * * LOW HITPOINT WARNING * * *
You feel sick. The adder bites you.
* * * LOW HITPOINT WARNING * * *
Your crimson imp hits the adder.
The adder dies!
Your Fighting skill increases to level 2!
It was a potion of agility.
You feel agile all of a sudden.
Your crimson imp closely misses the iguana.
Your crimson imp blinks!
You closely miss the iguana.
The iguana is heavily wounded.
The iguana bites you!
You die...

####### #.....##
..#..#ยง..#
#...#@#..##
#....#l...##
#.....5....#
#..........#
#......5...#
#.........>#
#.....>..>.#
##########........##
####.#...............#


You could see an iguana and 2 friendly crimson imps.

Vanquished Creatures
  2 orcs (D:2)
  A bat (D:3)
  2 goblins (D:1)
  A jackal (D:3)
  A frilled lizard (D:1)
7 creatures vanquished.

Vanquished Creatures (collateral kills)
  An adder (D:3)
  2 orcs (D:3)
  A frilled lizard (D:4)
4 creatures vanquished.

Grand Total: 11 creatures vanquished

Notes
Turn   | Place    | Note
-------+----------+-------------------------------------------
     0 | D:1      | Amnesiac the Ogre Wizard began the quest for the Orb.
     0 | D:1      | Reached XP level 1. HP: 16/16 MP: 5/5
   131 | D:2      | Reached skill level 1 in Fighting
   192 | D:2      | Reached XP level 2. HP: 11/27 MP: 2/6
   200 | D:2      | Learned a level 2 spell: Call Imp
   405 | D:3      | Found a faded altar of an unknown god.
   411 | D:4      | Noticed Edmund
   411 | D:4      | Noticed a slave
   413 | D:4      | Noticed a slave
   423 | D:4      | Found Wattag's Gadget Emporium.
   429 | D:4      | Got a transparent dagger
   460 | D:3      | Slain by an iguana

Vault maps used:
D:1:      dpeg_arrival_tiny_a
D:2:      lemuel_crystal_altar, nicolae_overflow_crystal_walls, serial_forest,
          infiniplex_forest_zigzag_1, infiniplex_forest_zigzag_2,
          infiniplex_forest_lined_3, infiniplex_forest_straight_3,
          infiniplex_forest_lined_room_, infiniplex_forest_pool,
          infiniplex_forest_corner_2
D:3:      wad_crossroads, ecumenical_altar_1, minivault_26, minmay_door_square,
          uniq_natasha, uniq_jessica
D:4:      chequers_temple_overflow_minitemple, zin_statuary, first_bread,
          serial_shops, shop, uniq_edmund, uniq_blork_the_orc, uniq_pikel

Skill      XL: |  1  2 |
---------------+-------+-----
Dodging        | 2 |  2.4
Fighting       | 1 2 |  2.2
Stealth        | |  1.4
Spellcasting   | |  3.6
Conjurations   | |  0.6
Summonings     | |  0.6
Translocations | |  0.6

Action                   || total
-------------------------++-------
Melee: Whip              ||     4
       Trident           ||    11
 Cast: Magic Dart        ||    13
       Call Imp          ||     7
  Use: Potion            ||     1
Armor: Robe              ||     8
Dodge: Dodged            ||    17
